 Dungeon Crawl Stone Soup version 0.30-a0-726-gd89dcf765f (webtiles) character file.

Game seed: 14914642729858175671

35597 ASSMAN the Brawler (level 13, -4/171 HPs)
             Began as an Armataur Berserker on Jan 29, 2023.
             Was an Elder of Trog.
             Slain by an elephant (5 damage)
             ... on level 3 of the Lair of Beasts.
             The game lasted 00:24:42 (14850 turns).

ASSMAN the Brawler (Armataur Berserker)            Turns: 14850, Time: 00:24:42

Health: -4/171     AC: 33    Str: 32    XL:     13   Next: 48%
Magic:  0/13       EV:  5    Int: 12    God:    Trog [****..]
Gold:   286        SH:  0    Dex: 10    Spells: 12/12 levels left

rFire   x . .      SeeInvis .    N - +9 mace of Glory {elec, Str+4}
rCold   + + .      Faith    .    (no shield)
rNeg    . . .      Spirit   +    J - +4 chain mail {rC+}
rPois   .          Reflect  .    v - +2 hat
rElec   .          Harm     .    y - +0 cloak
rCorr   .          Roll     +    H - +1 pair of gloves {Str+3}
Will    .....                    h - +4 barding "Xyubupel" {Str-2 Int+4} Stlth
                                 j - amulet of guardian spirit
HPRegen 0.48/turn                m - ring of ice
MPRegen 0.13/turn                q - ring of flight

@: berserking (expiring), flying, very quick
A: large, rugged brown scales 3, deformed body, armoured tail, roll, long
tongue, awkward tongue
a: Renounce Religion, Berserk, Trog's Hand, Brothers in Arms


You were on level 3 of the Lair of Beasts.
You worshipped Trog.
Trog was greatly pleased with you.
You visited 2 branches of the dungeon, and saw 16 of its levels.

You collected 2122 gold pieces.
You spent 1836 gold pieces at shops.

Inventory:

Hand Weapons
 I - the +7 flail of the Curious Shrikes {drain, rF+ rC- rN++ SInv}
   (You found it on level 4 of the Lair of Beasts)

   rF:        It protects you from fire.
   rC:        It makes you vulnerable to cold.
   rN:        It greatly protects you from negative energy.
   SInv:      It lets you see invisible.
 N - the +9 mace of Glory (weapon) {elec, Str+4}
   (You found it on level 1 of the Lair of Beasts)

   Str:       It affects your strength (+4).
 O - the +6 dagger "Omanax" {flame, rElec Int+3}
   (You bought it in a shop on level 10 of the Dungeon)

   Int:       It affects your intelligence (+3).
   rElec:     It insulates you from electricity.
 P - the +1 bardiche of Ruel {speed, rPois rF+ Str+2}
   (You bought it in a shop on level 10 of the Dungeon)

   Str:       It affects your strength (+2).
   rF:        It protects you from fire.
   rPois:     It protects you from poison.
Missiles
 l - 3 throwing nets (quivered)
Armour
 f - +0 storm dragon scales
 h - the +4 barding "Xyubupel" (worn) {Str-2 Int+4}
   (You acquired it on level 4 of the Dungeon)

   Str:       It affects your strength (-2).
   Int:       It affects your intelligence (+4).
 v - a +2 hat (worn)
 y - a +0 cloak (worn)
 H - a +1 pair of gloves of strength (worn)
 J - a +4 chain mail of cold resistance (worn)
Jewellery
 g - an amulet of magic regeneration
 j - an amulet of guardian spirit (around neck)
 m - a ring of ice (left hand)
 q - a ring of flight (right hand)
 C - a ring of ice
 D - an amulet of the acrobat
Wands
 t - a wand of flame (26)
 B - a wand of digging (4)
 E - a wand of iceblast (5)
Scrolls
 a - 2 scrolls of noise
 e - 6 scrolls of teleportation
 o - a scroll of amnesia
 p - 2 scrolls of silence
 x - a scroll of summoning
 A - 2 scrolls of magic mapping
 K - a scroll of fear
 M - a scroll of blinking
 Q - a scroll of fog
 R - a scroll of identify
Potions
 b - 2 potions of resistance
 c - 3 potions of degeneration
 d - 4 potions of heal wounds
 i - 6 potions of curing
 k - 3 potions of haste
 n - 3 potions of brilliance
 r - a potion of ambrosia
 s - 2 potions of mutation
 u - 3 potions of flight
 w - 4 potions of invisibility
 z - a potion of cancellation {unknown}
 F - 2 potions of might
 G - a potion of magic
Miscellaneous
 L - a lightning rod (4/4)


   Skills:
 - Level 8.0 Fighting
 + Level 5.1 Maces & Flails
 + Level 14.9 Armour
 - Level 1.3 Dodging
 - Level 16.0 Unarmed Combat


You had 12 spell levels left.
You didn't know any spells.
Your spell library contained the following spells:

 Spells                   Type           Power      Damage    Failure   Level
 Apportation              Tloc           0%         N/A       69%         1
 Foxfire                  Conj/Fire      0%         2x1d4     69%         1
 Slow                     Hex            0%         N/A       69%         1
 Confusing Touch          Hex            0%         N/A       96%         3
 Gell's Gravitas          Tloc           0%         N/A       96%         3
 Teleport Other           Tloc           0%         N/A       96%         3
 Vampiric Draining        Necr           0%         2d6       96%         3
 Alistair's Intoxication  Tmut/Pois      0%         N/A       100%        5
 Fireball                 Conj/Fire      0%         3d3       100%        5
 Dispersal                Tloc           0%         N/A       100%        6
 Starburst                Conj/Fire      0%         6d3       100%        6


Dungeon Overview and Level Annotations

Branches:
Dungeon (12/15)            Temple (0/1) D:5            Lair (4/5) D:10
  Swamp (0/4) Lair:2       Spider (0/4) Lair:3        Slime (0/5) Lair:4
    Orc (0/2) D:12

Altars:
Dithmenos
Elyvilon
Gozag
Nemelex Xobeh
Okawaru
Sif Muna
Trog
Uskayaw
The Shining One
Jiyva

Shops:
D:3 *   D:10 [(*[!   D:11 *

Portals:
Trove: D:12 (give 8 potions of haste)

Annotations:
D:10 6 transporters
D:11 3 runed translucent doors, mandarbmax's ghost, journeyman FoFi
Lair:1 1 runed translucent door


Innate Abilities, Weirdness & Mutations

You are completely covered in rugged brown scales. (AC +3, +7% HP)
Armour fits poorly on your strangely shaped body.
You have a long armoured tail.
You roll when moving toward enemies. (Rampage)
Your long tongue fully drains potion bottles. (2x potion effects)
Your tongue gives you trouble enunciating. (1.5x scroll delay)


Message History

The bullfrog hits you but does no damage.
The wolf bites you but does no damage. x2
You bludgeon the elephant!! Lightning courses through the elephant!
You tail-slap the elephant.
The elephant is almost dead.
The wolf barely misses you. The bullfrog barely misses you.
The wolf bites you but does no damage. x2
The elephant tramples you but does no damage.
The elephant trunk-slaps you but does no damage.
The elephant tramples you!
* * * LOW HITPOINT WARNING * * *
You hold your ground!
The elephant trunk-slaps you but does no damage.
The elephant tramples you but does no damage.
The elephant trunk-slaps you but does no damage.
The wolf bites you but does no damage.
You bludgeon the wolf!!
You kill the wolf!
Trog accepts your kill.
You feel less confused. The wolf bites you.
* * * LOW HITPOINT WARNING * * *
The bullfrog barely misses you. The wolf barely misses you.
The elephant tramples you but does no damage.
The elephant trunk-slaps you but does no damage.
The elephant tramples you.
* * * LOW HITPOINT WARNING * * *
You hold your ground!
The elephant trunk-slaps you but does no damage.
The bullfrog hits you.
* * * LOW HITPOINT WARNING * * *
The wolf bites you but does no damage.
Unknown command.
You sock the bullfrog!
The bullfrog is severely wounded.
The wolf bites you but does no damage. x2
The elephant tramples you but does no damage.
The elephant trunk-slaps you but does no damage.
The elephant tramples you.
You die...

#......♣♣8..........#.#
###♣♣.P...P.♣......## #
#..............##
##.............#
###..†P#.....
#........# ##Z....#.#
###Yh.#..[#
#.Y@Y#......
......hYFY......
....###ZZ?..##.. ..#
#......... # ....>.....
........... ##......##.
#.......


You could see 5 elephants, 2 wolves, a bullfrog, a wolf simulacrum and 2
tarantella simulacra.

Vanquished Creatures
  A tengu reaver (D:12)
  A fire dragon (D:12)
  Harold (D:9)
  2 centaur warriors (D:12)
  A catoblepas (D:12)
  2 hydras
  Erica (D:10)
  Erolcha (D:10)
  2 boulder beetles (D:12)
  2 two-headed ogres
  A tengu warrior (D:12)
  A pharaoh ant (Lair:3)
  A wizard (D:12)
  Pikel (D:5)
  4 ugly things (D:12)
  4 cyclopes
  2 black mambas
  A manticore (D:12)
  Joseph (D:9)
  4 elephants (Lair:4)
  5 cane toads
  A torpor snail (Lair:1)
  2 kobold demonologists (D:12)
  8 komodo dragons
  5 trolls
  3 hornets
  Grinder (D:3)
  7 blink frogs
  2 tarantellas (Lair:3)
  4 slime creatures (D:12)
  3 wyverns
  11 yaks
  4 wraiths
  A basilisk (Lair:2)
  2 redbacks (Lair:3)
  3 steam dragons
  10 vampire mosquitoes (D:12)
  3 acid dragons
  Duvessa (D:7)
  5 water moccasins
  An orc warrior (D:12)
  2 black bears
  3 ice beasts
  A black bear (shapeshifter) (D:12)
  3 ogres
  12 wolves
  5 centaurs
  A lemure (D:5)
  3 kobold brigands
  9 bullfrogs
  4 scorpions
  3 necrophages
  A gnoll sergeant (D:8)
  3 wights (D:9)
  Dowan (D:7)
  7 killer bees
  A howler monkey (D:5)
  2 jellies (D:8)
  3 orc priests
  2 gnoll boudas (D:7)
  A hound (D:4)
  7 orc wizards
  2 iguanas
  14 gnolls
  6 adders
  3 shadow imps
  5 dart slugs
  A worm (D:4)
  26 orcs
  6 bats
  6 endoplasms
  4 giant cockroaches
  7 goblins
  11 hobgoblins
  22 kobolds
  4 quokkas
  6 ball pythons
  4 frilled lizards
  9 rats
326 creatures vanquished.

Vanquished Creatures (collateral kills)
  An elephant (Lair:4)
1 creature vanquished.

Vanquished Creatures (others)
  15 fungi
  7 plants
  8 toadstools (Lair:1)
30 creatures vanquished.

Grand Total: 357 creatures vanquished

Notes
Turn   | Place    | Note
-------+----------+-------------------------------------------
     0 | D:1      | ASSMAN the Armataur Berserker began the quest for the Orb.
     0 | D:1      | Reached XP level 1. HP: 19/19 MP: 1/1
    86 | D:1      | Found a faded altar of an unknown god.
   364 | D:1      | Reached skill level 3 in Unarmed Combat
   364 | D:1      | Reached XP level 2. HP: 27/27 MP: 2/2
   992 | D:2      | Reached XP level 3. HP: 33/33 MP: 3/3
  1213 | D:2      | Reached ** piety under Trog
  1670 | D:3      | Found Uffollig's General Store.
  2108 | D:3      | Reached XP level 4. HP: 42/42 MP: 4/4
  2491 | D:3      | Noticed Grinder
  2499 | D:3      | Killed Grinder
  2500 | D:3      | Reached skill level 4 in Unarmed Combat
  2500 | D:3      | Reached XP level 5. HP: 50/50 MP: 5/5
  2500 | D:3      | Reached XP level 6. HP: 58/58 MP: 6/6
  2837 | D:4      | Reached skill level 5 in Fighting
  2837 | D:4      | Reached skill level 5 in Unarmed Combat
  2929 | D:4      | Identified a scroll of acquirement
  2929 | D:4      | Acquired the +4 barding "Xyubupel" {Str-2 Int+4}
  2961 | D:4      | Noticed a water moccasin
  2966 | D:4      | Killed a water moccasin
  3144 | D:4      | Reached XP level 7. HP: 61/65 MP: 7/7
  3562 | D:5      | Entered Level 5 of the Dungeon
  3594 | D:5      | Reached skill level 6 in Unarmed Combat
  3742 | D:5      | Found a staircase to the Ecumenical Temple.
  3884 | D:5      | Found a bloodstained altar of Trog.
  3913 | D:5      | Reached XP level 8. HP: 75/75 MP: 8/8
  4071 | D:5      | Noticed Pikel
  4084 | D:5      | Killed Pikel
  4085 | D:5      | Reached skill level 7 in Unarmed Combat
  4431 | D:5      | Reached *** piety under Trog
  4668 | D:6      | Reached skill level 8 in Unarmed Combat
  4710 | D:6      | Reached XP level 9. HP: 59/86 MP: 9/9
  4939 | D:6      | Found a white marble altar of Elyvilon.
  4996 | D:6      | Reached skill level 9 in Unarmed Combat
  5054 | D:6      | Found an iron altar of Okawaru.
  5382 | D:7      | Noticed Duvessa
  5382 | D:7      | Noticed Dowan
  5386 | D:7      | Killed Duvessa
  5391 | D:7      | Killed Dowan
  5552 | D:7      | Reached skill level 10 in Unarmed Combat
  5920 | D:7      | Found a glowing golden altar of the Shining One.
  6327 | D:8      | Reached skill level 11 in Unarmed Combat
  6524 | D:8      | Reached XP level 10. HP: 94/94 MP: 10/10
  6634 | D:8      | Found a shadowy altar of Dithmenos.
  7103 | D:9      | Found a hide-covered altar of Uskayaw.
  7105 | D:9      | Found a shimmering blue altar of Sif Muna.
  7126 | D:9      | Noticed a two-headed ogre
  7132 | D:9      | Killed a two-headed ogre
  7133 | D:9      | Reached skill level 12 in Unarmed Combat
  7202 | D:9      | Noticed Joseph
  7211 | D:9      | Killed Joseph
  7394 | D:9      | Noticed Harold
  7416 | D:9      | Killed Harold
  7677 | D:3      | Bought a scroll of acquirement for 572 gold pieces
  7677 | D:3      | Acquired 1111 gold pieces
  8112 | D:10     | Entered Level 10 of the Dungeon
  8114 | D:10     | Found a staircase to the Lair.
  8133 | D:10     | Found Ostaew's Antique Weapon Boutique.
  8147 | D:10     | Found Vablec's General Store.
  8183 | D:10     | Found a sparkling altar of Nemelex Xobeh.
  8189 | D:10     | Noticed Erolcha
  8190 | D:10     | Noticed Erica
  8194 | D:10     | Reached skill level 5 in Armour
  8196 | D:10     | Killed Erolcha
  8197 | D:10     | Reached skill level 13 in Unarmed Combat
  8205 | D:10     | Killed Erica
  8206 | D:10     | Reached XP level 11. HP: 100/100 MP: 8/11
  8273 | D:10     | Found a transporter.
  8274 | D:10     | Found a transporter.
  8349 | D:10     | Found Toxtaerch's Armour Emporium.
  8406 | D:10     | Found Vinonk's Armour Emporium.
  8415 | D:10     | Bought a +1 pair of gloves of strength for 214 gold pieces
  8444 | D:10     | Found a transporter.
  8454 | D:10     | Found a transporter.
  8522 | D:10     | Found a transporter.
  8523 | D:10     | Found a transporter.
  8637 | D:10     | Found Bik Guu's Distillery.
  8756 | D:10     | Bought a +4 chain mail of cold resistance for 504 gold
                  | pieces
  8944 | D:11     | Paralysed by a hornet for 1 turns
  8945 | D:11     | Noticed a two-headed ogre
  8947 | D:11     | Reached **** piety under Trog
  8954 | D:11     | Killed a two-headed ogre
  9139 | D:11     | Found a runed translucent gate.
  9143 | D:11     | Found a runed translucent gate.
  9143 | D:11     | Found an opulent altar of Gozag.
  9144 | D:11     | Found a runed translucent gate.
  9147 | D:11     | Noticed a centaur warrior
  9147 | D:11     | Noticed mandarbmax's ghost (journeyman FoFi)
  9152 | D:11     | Found Hiavoidd's Assorted Antiques.
  9301 | D:11     | Found a frozen archway.
  9533 | D:12     | Noticed a centaur warrior
  9540 | D:12     | Killed a centaur warrior
  9541 | D:12     | Reached skill level 14 in Unarmed Combat
  9596 | D:12     | Found a staircase to the Orcish Mines.
  9632 | D:12     | Noticed a purple ugly thing
  9644 | D:12     | Killed a purple ugly thing
  9710 | D:12     | Noticed a boulder beetle
  9721 | D:12     | Killed a boulder beetle
  9770 | D:12     | Found a bloodstained altar of Trog.
  9869 | D:12     | Reached skill level 10 in Armour
 10135 | D:12     | Found a portal to a secret trove of treasure.
 10206 | D:12     | Reached XP level 12. HP: 96/108 MP: 12/12
 10443 | D:12     | Noticed a four-headed hydra
 10443 | D:12     | Noticed a tengu warrior
 10446 | D:12     | Noticed a fire dragon
 10448 | D:12     | Killed a four-headed hydra
 10449 | D:12     | Noticed a boulder beetle
 10452 | D:12     | Noticed a tengu reaver
 10453 | D:12     | Killed a tengu warrior
 10459 | D:12     | Killed a fire dragon
 10462 | D:12     | Reached skill level 15 in Unarmed Combat
 10464 | D:12     | Noticed a centaur warrior
 10471 | D:12     | Killed a boulder beetle
 10481 | D:12     | Killed a tengu reaver
 10483 | D:12     | Killed a centaur warrior
 10695 | D:12     | Noticed a catoblepas
 10959 | D:12     | Killed a catoblepas
 11319 | Lair:1   | Entered Level 1 of the Lair of Beasts
 11474 | Lair:1   | Identified the +9 mace of Glory {elec, Str+4}
 11826 | D:10     | Bought a polished dagger for 182 gold pieces
 11826 | D:10     | Identified the +6 dagger "Omanax" {flame, rElec Int+3} (You
                  | bought it in a shop on level 10 of the Dungeon)
 11826 | D:10     | Bought a pitted bardiche for 364 gold pieces
 11826 | D:10     | Identified the +1 bardiche of Ruel {speed, rPois rF+ Str+2}
                  | (You bought it in a shop on level 10 of the Dungeon)
 12181 | Lair:1   | Noticed a dire elephant
 12203 | Lair:1   | Found a runed translucent door.
 12673 | Lair:2   | Reached skill level 1 in Maces & Flails
 12686 | Lair:2   | Reached XP level 13. HP: 114/114 MP: 10/13
 12699 | Lair:2   | Reached skill level 16 in Unarmed Combat
 12706 | Lair:2   | Reached ***** piety under Trog
 12945 | Lair:2   | Found a staircase to the Swamp.
 13411 | Lair:3   | You are sucked into a shaft and drop 1 floor!
 13730 | Lair:4   | Identified the +7 flail of the Curious Shrikes {drain, rF+
                  | rC- rN++ SInv}
 14623 | Lair:4   | Found a staircase to the Slime Pits.
 14623 | Lair:4   | Found a viscous altar of Jiyva.
 14818 | Lair:3   | Found a hole to the Spider Nest.
 14830 | Lair:3   | Reached skill level 5 in Maces & Flails
 14849 | Lair:3   | HP: 6/171 [wolf (4)]
 14849 | Lair:3   | HP: 1/171 [bullfrog (4)]
 14850 | Lair:3   | Slain by an elephant

Illustrated notes

Levels and vault maps discovered:
D:1:      sevenhm_arrival_forest_fort_large_4, layout_basic,
          hellmonk_ecumenical_altar_blasted, minmay_misc_feat_doors,
          minmay_fountain_box
D:2:      layout_loops_cross, minmay_octomino_j4
D:3:      layout_loops_corners, serial_shops, shop, uniq_grinder
D:4:      layout_rooms, gup_sewer_entry_bubbles, kennysheep_cross_bottleneck
D:5:      layout_loops_cross, mainiacjoe_overflow_tiny_flanked,
          minmay_temple_entry_junction_2, kennysheep_diamond, uniq_pikel
D:6:      layout_rooms, nicolae_overflow_hidden_temple, st_stairs_9
D:7:      layout_loops_ring, kennysheep_mini, dk_noncrumbling_3, uniq_duvessa
D:8:      layout_layer_cave, mainiacjoe_overflow_boulevard, serial_glass,
          glass_columns_c, glass_columns_a, amcnicky_mini_pool_small
D:9:      layout_roguey, mainiacjoe_overflow_catwalk_spiral, uniq_harold,
          uniq_joseph
D:10:     layout_basic, overflow_temple_1_default, lair_entry_dummy,
          serial_shops, shop, shop, kennysheep_little_box,
          nicolae_shop_behind_doors, nicolae_shop_statue_plus,
          mumra_transporter_accident, serial_nicolae_subway,
          nicolae_sub_station_crystal, nicolae_sub_station_metal,
          nicolae_sub_station_stone, uniq_erica, uniq_erolcha
D:11:     cheibrodos_steamvent, layout_rooms, ebering_ghost_gozag,
          portal_ice_cave_entry_pillars_1
D:12:     hangedman_cross_veins, layout_loops_cross, orc_0_dummy,
          nicolae_trove_entry_diagonal, trog_hazing_becter
Lair:1:   gammafunk_lair_enchanted_lake, layout_gridlike
Lair:2:   layout_gridlike, swamp_mist, dreamdust_deal_with_the_devil
Lair:3:   layout_gridlike, nicolae_spider_entry_lesser_pyramids,
          grunt_forest_small_clearing_treed, grunt_megastairs_2
Lair:4:   layout_layer_cave, slime_entry_1

Skill      XL: |  1  2  3  4  5  6  7  8  9 10 11 12 13 |
---------------+----------------------------------------+-----
Fighting       | 3 4 5 6 8 |  8.0
Unarmed Combat | 3 4 5 6 8 11 13 14 15 16 | 16.0
Armour         | 6 10 13 14 | 14.9
Maces & Flails | 1 5 |  5.1
Dodging        | |  1.3

Action                     |  1- 3 |  4- 6 |  7- 9 | 10-12 | 13-15 || total
---------------------------+-------+-------+-------+-------+-------++-------
  Melee: Unarmed           |   149 |   102 |   336 |   422 |       ||  1009
         Tailslap          |    12 |     5 |    41 |    61 |    30 ||   149
         Punch             |     2 |     3 |    10 |    31 |    14 ||    60
         Mace              |       |       |       |     8 |   175 ||   183
 Invoke: Berserk           |     1 |     4 |    10 |    17 |     4 ||    36
         Trog's Hand       |       |       |       |       |     1 ||     1
         Brothers in Arms  |       |       |       |       |     1 ||     1
    Use: Potion            |       |     1 |       |       |       ||     1
         Scroll            |       |    10 |     2 |    15 |     2 ||    29
   Stab: Sleeping          |       |       |       |     2 |       ||     2
         Distracted        |       |       |       |       |     1 ||     1
 Armour: Animal skin       |    18 |       |       |       |       ||    18
         Chain mail        |    18 |       |       |   262 |   387 ||   667
         Plate armour      |    64 |    70 |   158 |       |       ||   292
         Steam dragon scal |       |       |    55 |    41 |       ||    96
  Dodge: Dodged            |    32 |     8 |    55 |    96 |   106 ||   297

Table legend: (Time is in decaauts)
 A = Elapsed time spent in this place.
 B = Non-inter-level travel time spent in this place.
 C = Inter-level travel time spent in this place.
 D = Time resting spent in this place.
 E = Time spent auto-exploring this place.
 F = Levels seen in this place.
 G = Mean time per level.
                   A        B        C        D        E       F      G
               +--------+--------+--------+--------+--------+-----+--------+
         Total |  14974 |  13778 |   1196 |   1122 |  10417 |  16 |  935.9 |
       Dungeon |  11407 |  10381 |   1026 |    858 |   7780 |  12 |  950.6 |
          Lair |   3567 |   3397 |    170 |    263 |   2637 |   4 |  891.8 |
               +--------+--------+--------+--------+--------+-----+--------+

Top non-repeatable levels by time:
    D:12: 1704 daAuts
  Lair:4: 1420 daAuts
     D:5: 1213 daAuts
     D:3: 1107 daAuts
     D:7: 1098 daAuts
  Lair:1: 1073 daAuts
  Lair:2: 996 daAuts
     D:1: 946 daAuts
     D:4: 945 daAuts
     D:8: 842 daAuts
    D:11: 778 daAuts
     D:9: 753 daAuts
    D:10: 750 daAuts
     D:2: 633 daAuts
     D:6: 632 daAuts
